 Dungeon Crawl Stone Soup version 0.30.0-20-g3615ddf2f0 (webtiles) character file.

Game seed: 8023468424637802549

91 qw the Chopper (level 4, -3/28 HPs)
             Began as a Gargoyle Fighter on May 29, 2023.
             Killed by divine providence
             ... invoked by an orc priest
              (14 damage)
             ... on level 2 of the Dungeon.
             The game lasted 00:00:48 (1503 turns).

qw the Chopper (Gargoyle Fighter)                   Turns: 1503, Time: 00:00:48

Health: -3/28      AC: 11    Str: 21    XL:     4   Next: 59%
Magic:  4/4        EV:  9    Int:  9    God:
Gold:   60         SH: 11    Dex:  9    Spells: 3/3 levels left

rFire   . . .        Y - +0 war axe
rCold   . . .        p - +2 buckler
rNeg    + . .        b - +0 scale mail
rPois   inf          (no helmet)
rElec   +            j - +0 cloak
rCorr   .            (no gloves)
SInv    .            (no boots)
Will    .....        f - amulet of reflection Stlth
                     (no ring)
HPRegen 0.24/turn    (no ring)
MPRegen 0.09/turn

%: reflection
@: no status effects
A: sickness immunity, AC +3, negative energy resistance 1, electricity
resistance, torment resistance 1, petrification resistance
a: no special abilities


You were on level 2 of the Dungeon.
You visited 1 branch of the dungeon, and saw 2 of its levels.

You collected 60 gold pieces.


Innate Abilities, Weirdness & Mutations

You are immune to sickness and miasma.
Your stone body is resilient. (AC +3)
You are immune to poison.
You resist negative energy. (rN+)
You are resistant to electric shocks. (rElec)
You are resistant to unholy torment.
You are immune to petrification.


   Skills:
 - Level 3.2 Fighting
 + Level 4.0 Axes
 - Level 1.1 Throwing
 - Level 3.2 Armour
 - Level 3.2 Shields


You had 3 spell levels left.
You didn't know any spells.
Your spell library was empty.

Inventory:

Hand Weapons
 h - a +0 mace
 Y - a +0 war axe (weapon)
Missiles
 a - 6 javelins (quivered)
Armour
 b - a +0 scale mail (worn)
 j - a +0 cloak (worn)
 p - a +2 buckler (worn)
Jewellery
 f - an amulet of reflection (around neck)
 k - a ring of willpower
Scrolls
 e - a scroll of immolation {unknown}
 l - a scroll of fear {unknown}
Potions
 c - a potion of flight {unknown}
 d - a potion of might
 g - a potion of degeneration {unknown}
 i - 2 potions of lignification {unknown}
 m - a potion of haste {unknown}
 o - a potion of curing {unknown}

Dungeon Overview and Level Annotations

Branches:
Dungeon (2/15)

Altars:

Shops:
D:2 (


Message History

The orc priest hits you with a +0 club.
The jackal bites you but does no damage.
You barely miss the orc priest. You hit the orc. You closely miss the jackal.
You slash the orc!
You kill the orc!
You block the jackal's attack. You block the orc priest's attack.
The orc hits you but does no damage.
The jackal bites you but does no damage.
You slash the orc!
You kill the orc!
You closely miss the jackal. You hit the orc priest. You barely miss the orc.
You block the orc priest's attack. The jackal closely misses you.
You block the orc's attack.
Your Axes skill increases to level 4!
You closely miss the orc priest.
The orc priest is moderately wounded.
You miss the jackal. You closely miss the orc. The jackal closely misses you.
You block the orc priest's attack. The orc hits you but does no damage.
You block the jackal's attack. The orc barely misses you.
The orc priest hits you but does no damage.
You completely miss the orc priest.
The orc priest is moderately wounded.
You hit the jackal.
You kill the jackal!
You hit the orc. You block the orc's attack.
The orc priest hits you but does no damage.
You closely miss the orc.
The orc is heavily wounded.
You hit the orc priest.
The orc priest calls down the wrath of Beogh upon you.
Beogh smites you! You block the orc's attack.
You hit the orc priest.
The orc priest is almost dead.
You hit the orc.
The orc priest mumbles some strange prayers to Beogh against you.
Beogh smites you!
Ouch! That really hurt!
You die...

########........
........#...............
........#.#.............
........#.#.###.........
........#.#.....##.[....
........#.#.....##:.....
........#.#.#...##...>..
......)o#...............
.......@#####.####......
......o.......# ####.##
....>...#######
........# ........#
........# ........#
........##########
###.............#


You could see an orc priest and an orc.

Vanquished Creatures
  3 adders (D:2)
  4 dart slugs (D:1)
  2 orcs (D:2)
  5 endoplasms
  2 giant cockroaches
  2 goblins
  8 hobgoblins
  7 jackals
  4 kobolds
  2 quokkas (D:1)
  5 ball pythons (D:1)
  2 bats (D:1)
  A rat (D:1)
47 creatures vanquished.

Notes
Turn   | Place    | Note
-------+----------+-------------------------------------------
     0 | D:1      | qw the Gargoyle Fighter began the quest for the Orb.
     0 | D:1      | Reached XP level 1. HP: 14/14 MP: 1/1
     0 | D:1      | 0 ||| qw: Version: 0.2-a-102-g2b76a06
     0 | D:1      | 0 ||| qw: Game counter: 441
     0 | D:1      | 0 ||| qw: Always use a shield: true
     0 | D:1      | 0 ||| qw: God list: Okawaru
     0 | D:1      | 0 ||| qw: Allow faded altars: false
     0 | D:1      | 0 ||| qw: Do Orc after D:15 true
     0 | D:1      | 0 ||| qw: Do second Lair branch before Depths: true
     0 | D:1      | 0 ||| qw: Lair rune preference: random
     0 | D:1      | 0 ||| qw: Plans: Normal, Zot:1-4, Slime:5, God:TSO, Crypt,
                  | Tomb, Pan, Hells, Abyss, Win
     0 | D:1      | 0 ||| PLANNING D:1-11
    45 | D:1      | Reached skill level 2 in Axes
    58 | D:1      | 58 ||| FLEEEEING.
    59 | D:1      | 59 ||| FLEEEEING.
    60 | D:1      | 60 ||| FLEEEEING.
    61 | D:1      | 61 ||| FLEEEEING.
    96 | D:1      | Reached XP level 2. HP: 19/19 MP: 2/2
    96 | D:1      | 96 ||| Stepping ~*~*~tactically~*~*~ (stealth).
   420 | D:1      | Reached skill level 3 in Axes
   431 | D:1      | Reached XP level 3. HP: 23/23 MP: 3/3
   969 | D:1      | 969 ||| UPGRADING to +0 cloak.
   974 | D:1      | 974 ||| UPGRADING to +2 buckler.
   984 | D:1      | 984 ||| DROPPING +0 buckler.
   985 | D:1      | 985 ||| UPGRADING to amulet of reflection.
   990 | D:1      | 990 ||| READING scroll labelled QENANLI GIBB.
   991 | D:1      | 991 ||| READING scroll labelled OCIH WEMAEKHLA.
   992 | D:1      | 992 ||| READING scroll labelled LUFEUPR AZ RADWEOH.
   993 | D:1      | 993 ||| READING scroll labelled TECHOA EQUO.
  1009 | D:1      | 1009 ||| READING scroll labelled QERUD EJIDGHAUM.
  1314 | D:2      | Reached skill level 1 in Throwing
  1314 | D:2      | Reached XP level 4. HP: 28/28 MP: 4/4
  1462 | D:2      | Found Uxysejuteu's Weapon Shoppe.
  1500 | D:2      | Reached skill level 4 in Axes
  1503 | D:2      | Killed from afar by an orc priest

Levels and vault maps discovered:
D:1:      saegor_arrival_under_anarchy, layout_loops_corners
D:2:      layout_basic, serial_shops, shop, nicolae_shop_scrapyard,
          nicolae_shop_tiny_real_fake_doors

Skill      XL: |  1  2  3  4 |
---------------+-------------+-----
Axes           | 2 3 4 |  4.0
Throwing       | 1 |  1.1
Fighting       | |  3.2
Armour         | |  3.2
Shields        | |  3.2

Action                     |  1- 3 |  4- 6 || total
---------------------------+-------+-------++-------
  Melee: War axe           |   114 |    18 ||   132
  Throw: Javelin           |     6 |     3 ||     9
    Use: Scroll            |     5 |       ||     5
 Armour: Scale mail        |    56 |    12 ||    68
  Dodge: Dodged            |    49 |     8 ||    57
  Block: Buckler           |    33 |    18 ||    51

Table legend:
 A = Non-vault XP
 B = Vault XP
 C = Vault XP percentage of total XP
 D = Non-vault monster count
 E = Vault monster count
 F = Vault count percentage of total count
                 A         B        C        D         E       F
            +---------+---------+-------+---------+---------+-------
      Total |     131 |       0 |   0.0 |      47 |       0 |   0.0
            +---------+---------+-------+---------+---------+-------
        D:1 |      66 |       0 |   0.0 |      32 |       0 |   0.0
        D:2 |      65 |       0 |   0.0 |      15 |       0 |   0.0
            +---------+---------+-------+---------+---------+-------
